 Dungeon Crawl Stone Soup version 0.20.1-1-g8b1a95d (webtiles) character file.

380 vishdafish the Chopper (level 7, 0/55 HPs)
             Began as a Formicid Fighter on July 13, 2017.
             Slain by a gnoll (6 damage)
             ... on level 4 of the Dungeon.
             The game lasted 00:03:45 (2194 turns).

vishdafish the Chopper (Formicid Fighter)           Turns: 2194, Time: 00:03:45

Health: 0/55       AC:  7    Str: 21    XL:     7   Next: 4%
Magic:  7/7        EV:  8    Int:  8    God:
Gold:   127        SH: 10    Dex: 11    Spells: 6/6 levels left

rFire    . . .     SeeInvis +   a - +0 war axe
rCold    . . .     Gourm    .   c - +0 shield
rNeg     . . .     Faith    .   b - +0 scale mail
rPois    .         Spirit   .   (helmet unavailable)
rElec    .         Reflect  .   (no cloak)
rCorr    .         Harm     .   (no gloves)
MR       .....                  (no boots)
Stlth    ..........             (no amulet)
Regen    0.2/turn               (no ring)
MPRegen  0.1/turn               (no ring)

@: no status effects
A: permanent stasis, dig shafts and tunnels, four strong arms, antennae 3
a: Dig, Shaft Self


You were on level 4 of the Dungeon.
You were not hungry.

You visited 1 branch of the dungeon, and saw 4 of its levels.

You collected 127 gold pieces.

Inventory:

Hand Weapons
 a - a +0 war axe (weapon)
Missiles
 u - a throwing net (quivered)
 v - 14 bolts
Armour
 b - a +0 scale mail (worn)
 c - a +0 shield (worn)
Jewellery
 y - an uncursed ring of fire {unknown}
Scrolls
 d - a scroll of magic mapping {unknown}
 e - a scroll of immolation {unknown}
 i - a scroll of fear {unknown}
 k - a scroll of random uselessness {unknown}
 m - a scroll of fog {unknown}
 o - a scroll of remove curse {unknown}
 r - 3 scrolls of identify {unknown}
 s - a scroll of blinking {unknown}
 t - a scroll of teleportation {unknown}
Potions
 j - a potion of mutation {unknown}
 l - a potion of resistance {unknown}
 n - a potion of curing {unknown}
 p - a potion of degeneration {unknown}
 q - a potion of haste {unknown}
 w - a potion of flight {unknown}
Comestibles
 f - a bread ration
 g - 3 royal jellies
 x - a meat ration


   Skills:
 + Level 4.3 Fighting
 + Level 5.0 Axes
 + Level 4.3 Armour
 + Level 1.2 Dodging
 + Level 4.7 Shields


You had 6 spell levels left.
You didn't know any spells.

Dungeon Overview and Level Annotations

Branches:
Dungeon (4/15)
 Temple: D:4-7

Altars:
Gozag


Innate Abilities, Weirdness & Mutations

You cannot be hasted, slowed, berserked, paralysed or teleported.
You can dig through walls and to a lower floor.
Your four strong arms can wield two-handed weapons with a shield.
You have a pair of large antennae on your head. (SInv)


Message History

You block the gnoll shaman's attack.
You slash the gnoll shaman!
You kill the gnoll shaman!
Your Axes skill increases to level 5!
You have reached level 7!
The gnoll hits you.
* * * LOW HITPOINT WARNING * * *
You hit the gnoll but do no damage. The gnoll hits you but does no damage.
You block the gnoll's attack. The gnoll barely misses you.
You slash the gnoll!
The gnoll is severely wounded.
You block the gnoll's attack.
The gnoll hits you from afar with a spear.
* * * LOW HITPOINT WARNING * * *
The gnoll closely misses you.
The gnoll hits you from afar with a spear.
* * * LOW HITPOINT WARNING * * *
The gnoll is no longer moving quickly.
The gnoll hits you.
You die...

#..#.≈≈.# #..
#.#..#.≈≈.# #g.
#.#..#.≈≈.# #..
#.#..#.≈≈.# #..
#.#..#.≈≈.# ##g
#.#..#.≈≈.# #.#
#.#..##≈≈## #..
#.###############.g
#.@gg)gg....g....g.
###################


You could see 4 gnolls.

Vanquished Creatures
  Sigmund (D:4)
  An orc priest (D:4)
  A gnoll shaman (D:4)
  An iguana (D:4)
  A worker ant (D:4)
  A gnoll (D:4)
  2 adders (D:4)
  2 oozes
  2 worms
  2 leopard geckos
  12 orcs (D:4)
  4 giant cockroaches
  2 hobgoblins
  A jackal (D:4)
  4 kobolds
  A quokka (D:4)
  5 bats (D:1)
  4 frilled lizards
  5 goblins
  6 rats
58 creatures vanquished.

Notes
Turn   | Place    | Note
-------+----------+-------------------------------------------
     0 | D:1      | vishdafish the Formicid Fighter began the quest for the Orb.
     0 | D:1      | Reached XP level 1. HP: 18/18 MP: 1/1
   142 | D:1      | Reached XP level 2. HP: 19/24 MP: 2/2
   609 | D:1      | Reached XP level 3. HP: 27/30 MP: 3/3
   714 | D:2      | Found an opulent altar of Gozag.
  1490 | D:4      | Reached skill level 3 in Axes
  1490 | D:4      | Reached XP level 4. HP: 10/37 MP: 4/4
  1627 | D:4      | Reached XP level 5. HP: 16/42 MP: 5/5
  2140 | D:4      | Noticed Sigmund
  2144 | D:4      | Reached skill level 1 in Dodging
  2151 | D:4      | Reached skill level 4 in Axes
  2154 | D:4      | Killed Sigmund
  2154 | D:4      | Reached XP level 6. HP: 17/49 MP: 6/6
  2190 | D:4      | Reached skill level 5 in Axes
  2190 | D:4      | Reached XP level 7. HP: 21/55 MP: 7/7
  2194 | D:4      | Slain by a gnoll

Skill      XL: |  1  2  3  4  5  6 |
---------------+-------------------+-----
Fighting       | 4 |  4.3
Axes           | 3 4 5 |  5.0
Shields        | 4 |  4.7
Dodging        | 1 |  1.2
Armour         | 4 |  4.3

Action                   |  1- 3 |  4- 6 |  7- 9 || total
-------------------------+-------+-------+-------++-------
Melee: War axe           |   131 |    79 |     2 ||   212
  Use: Potion            |       |     3 |       ||     3
  Eat: Chunk             |     1 |       |       ||     1
       Meat ration       |       |     1 |       ||     1
Armor: Scale mail        |    75 |    35 |     1 ||   111
Dodge: Dodged            |    37 |    46 |     2 ||    85
Block: Shield            |    71 |    55 |     2 ||   128
